 Dungeon Crawl Stone Soup version 0.29.1-14-g9c671dbff4 (webtiles) character file.

Game seed: 8671808364311862763

1637 bnorton916 the Magician (level 8, -13/41 HPs)
             Began as a Deep Elf Fire Elementalist on Feb 18, 2023.
             Mangled by an ogre
             ... wielding a +0 giant spiked club
              (16 damage)
             ... on level 6 of the Dungeon on Feb 19, 2023.
             The game lasted 00:11:11 (10359 turns).

bnorton916 the Magician (DEFE)                     Turns: 10359, Time: 00:11:12

Health: -13/41     AC:  3    Str:  5    XL:     8   Next: 66%
Magic:  16/21      EV: 12    Int: 23    God:
Gold:   336        SH:  0    Dex: 15    Spells: 12/22 levels left

rFire   + . .      SeeInvis +   u - staff of fire
rCold   . . .      Faith    .   (no shield)
rNeg    . . .      Spirit   .   a - +0 robe
rPois   .          Reflect  .   (no helmet)
rElec   .          Harm     .   C - +0 cloak
rCorr   .          Rampage  .   (no gloves)
Will    .....                   (no boots)
Stlth   ++........              (no amulet)
HPRegen 0.13/turn               h - ring of see invisible
MPRegen 0.17/turn               p - +4 ring of slaying

@: very slightly contaminated
A: no striking features
a: no special abilities


You were on level 6 of the Dungeon.
You visited 1 branch of the dungeon, and saw 6 of its levels.

You collected 336 gold pieces.

Inventory:

Hand Weapons
 y - a +1 short sword of holy wrath
 D - a +0 hammer of protection
 E - the +10 long sword of the Arena {venom, Will++ rCorr}
   (You took it off an orc on level 6 of the Dungeon)

   It poisons the flesh of those it strikes.
   rCorr:     It protects you from acid and corrosion.
   Will:      It greatly increases your willpower.
Missiles
 k - 6 boomerangs
 n - 10 poisoned darts
 q - 3 silver boomerangs
Armour
 a - a +0 robe (worn)
 C - a +0 cloak (worn)
 F - a +0 chain mail of cold resistance
Magical Staves
 g - a staff of poison
 u - a staff of fire (weapon)
Jewellery
 h - a ring of see invisible (left hand)
 m - a ring of protection from cold
 p - a +4 ring of slaying (right hand)
Wands
 l - a wand of polymorph (8)
 o - a wand of charming (12)
 t - a wand of acid (9)
 w - a wand of flame (9)
Scrolls
 c - a scroll of fog
 i - 3 scrolls of poison
 j - a scroll of vulnerability
 r - a scroll of enchant armour
 s - a scroll of noise {unknown}
 v - a scroll of silence {unknown}
 x - 4 scrolls of identify
 G - a scroll of blinking {unknown}
Potions
 b - a potion of magic
 d - 3 potions of cancellation
 e - 2 potions of heal wounds
 f - 3 potions of brilliance
 z - 2 potions of haste {unknown}
 A - a potion of degeneration {unknown}
 B - a potion of curing


   Skills:
 - Level 2.4 Dodging
 - Level 2.4 Stealth
 + Level 7.9 Spellcasting
 + Level 6.1 Conjurations
 + Level 6.9 Fire Magic
 + Level 5.4 Earth Magic


You had 12 spell levels left.
You knew the following spells:

 Your Spells              Type           Power      Damage    Failure   Level
a - Foxfire               Conj/Fire      100%       2x1d9     1%          1
b - Scorch                Fire           100%       2d10      1%          2
c - Conjure Flame         Conj/Fire      56%        6-21      1%          3
d - Sandblast             Erth           68%        2d15      1%          1
e - Stone Arrow           Conj/Erth      70%        3d11      1%          3

Your spell library contained the following spells:

 Spells                   Type           Power      Damage    Failure   Level
 Passwall                 Tmut/Erth      17%        N/A       3%          2
 Inner Flame              Hex/Fire       37%        N/A       4%          3
 Flame Wave               Conj/Fire      56%        2d13      4%          4
 Gell's Gravitas          Tloc           9%         N/A       22%         3
 Lesser Beckoning         Tloc           9%         N/A       22%         3
 Teleport Other           Tloc           9%         N/A       22%         3
 Summon Cactus Giant      Summ           4%         N/A       100%        6


Dungeon Overview and Level Annotations

Branches:
Dungeon (6/15)
 Temple: D:4-7

Altars:
Elyvilon
Uskayaw

Shops:
D:3 :


Message History

Your foxfire dissipates!
Your foxfire dissipates!
Your foxfire dissipates!
k - 6 boomerangs (gained 2)
You see here a +0 club.
An ogre comes into view. It is wielding a +0 giant spiked club.
The ogre shouts!
You hear a shout!
There is an open door here.
Casting: Foxfire (safe; 1% risk of failure)
Confirm with . or Enter, or press ? or * to list all spells.
You feel a surge of power!
You conjure some foxfire!
The foxfire hits the ogre.
The ogre is lightly wounded.
The foxfire hits the ogre.
The ogre is moderately wounded.
Casting: Foxfire (safe; 1% risk of failure)
Confirm with . or Enter, or press ? or * to list all spells.
You feel a surge of power!
You conjure some foxfire!
The foxfire hits the ogre.
The ogre is moderately wounded.
The foxfire hits the ogre.
The ogre is moderately wounded.
The ogre hits you with a +0 giant spiked club!!
Ouch! That really hurt!
Casting: Foxfire (safe; 1% risk of failure)
Confirm with . or Enter, or press ? or * to list all spells.
You feel a surge of power!
Flames lash the ogre.
The ogre is heavily wounded.
The ogre's fire resistance burns away.
You hear a shout!
The ogre hits you with a +0 giant spiked club!
* * * LOW HITPOINT WARNING * * *
Unknown command.
Casting: Scorch (safe; 1% risk of failure)
Confirm with . or Enter, or press ? or * to list all spells.
You feel a surge of power!
You miscast Scorch.
You are very lightly contaminated with residual magic.
Nothing appears to happen.
The ogre hits you with a +0 giant spiked club!
You die...

.# .############
...)........#
####..#####.# ##.#
#.###
####.#####)..##########
#.....................#
#.#####'#######'####..#
...# #..... #..@..#
##.##.....###...O.##
...#...[.###.....##
.#.#....###.....##
)..'...# #.....#
.#.#..## ###'## .#.# ##
.. .#.# .. ...#


You could see an ogre (combustible).

Vanquished Creatures
  Sigmund (D:4)
  Eustachio (D:4)
  A sky beast (D:5)
  4 ogres
  2 scorpions
  3 hounds
  A jelly (D:5)
  Crazy Yiuf (D:5)
  3 orc priests
  2 gnoll boudas (D:6)
  Jessica (D:2)
  5 iguanas
  4 orc wizards
  4 adders
  6 gnolls
  A river rat (D:3)
  An ufetubus (D:5)
  2 worms (D:2)
  4 dart slugs
  33 orcs
  5 ball pythons
  3 bats
  2 endoplasms
  6 giant cockroaches
  5 hobgoblins
  4 jackals (D:2)
  5 quokkas
  4 frilled lizards
  5 goblins
  8 kobolds
  5 rats
132 creatures vanquished.

Vanquished Creatures (others)
  469 foxfires
469 creatures vanquished.

Grand Total: 601 creatures vanquished

Notes
Turn   | Place    | Note
-------+----------+-------------------------------------------
     0 | D:1      | bnorton916 the Deep Elf Fire Elementalist began the quest
                  | for the Orb.
     0 | D:1      | Reached XP level 1. HP: 10/10 MP: 6/6
   599 | D:1      | Reached XP level 2. HP: 10/15 MP: 2/8
  1509 | D:1      | Found a faded altar of an unknown god.
  2184 | D:2      | Reached XP level 3. HP: 19/19 MP: 0/10
  2701 | D:2      | Reached skill level 4 in Spellcasting
  3005 | D:2      | Noticed Jessica
  3009 | D:2      | Killed Jessica
  3010 | D:2      | Reached XP level 4. HP: 24/24 MP: 7/12
  3397 | D:2      | Learned a level 2 spell: Scorch
  3401 | D:2      | Learned a level 3 spell: Conjure Flame
  3403 | D:2      | Learned a level 1 spell: Sandblast
  3894 | D:3      | Reached XP level 5. HP: 28/28 MP: 6/13
  4016 | D:3      | Reached skill level 1 in Earth Magic
  4486 | D:3      | Reached skill level 5 in Spellcasting
  4970 | D:3      | Found Eckeotz's Vocational Training.
  5036 | D:3      | Found a white marble altar of Elyvilon.
  5304 | D:4      | Noticed Sigmund
  5311 | D:4      | Reached XP level 6. HP: 32/32 MP: 7/15
  5319 | D:4      | Killed Sigmund
  5320 | D:4      | Reached skill level 5 in Fire Magic
  5753 | D:4      | Reached XP level 7. HP: 36/36 MP: 12/17
  5981 | D:4      | Noticed Eustachio
  5987 | D:4      | Killed Eustachio
  5988 | D:4      | Reached skill level 6 in Spellcasting
  6343 | D:4      | Learned a level 3 spell: Stone Arrow
  6629 | D:4      | Found a hide-covered altar of Uskayaw.
  6716 | D:5      | Entered Level 5 of the Dungeon
  7054 | D:5      | Reached skill level 5 in Conjurations
  7412 | D:5      | Reached XP level 8. HP: 41/41 MP: 17/20
  7539 | D:5      | Reached skill level 7 in Spellcasting
  8069 | D:5      | Found a runed translucent door.
  8070 | D:5      | Noticed Crazy Yiuf
  8075 | D:5      | Killed Crazy Yiuf
  9035 | D:6      | Reached skill level 5 in Earth Magic
 10079 | D:6      | Identified the +10 long sword of the Arena {venom, Will++
                  | rCorr}
 10358 | D:6      | HP: 2/41 [ogre/+0 giant spiked club (17)]
 10359 | D:6      | Mangled by an ogre

Illustrated notes

Levels and vault maps discovered:
D:1:      scummos_arrival_gate, layout_basic,
          hellmonk_ecumenical_altar_arch_garden, serial_forest,
          infiniplex_forest_zigzag_1, infiniplex_forest_corner_2,
          infiniplex_forest_lined_1, infiniplex_forest_straight_4,
          infiniplex_forest_clump_tiny, infiniplex_forest_clump_diagonal,
          infiniplex_forest_end_double, infiniplex_forest_end_2, st_stairs_3
D:2:      kb_forest_paths, layout_basic, grunt_decor_one_mirror,
          kennysheep_donut, minmay_misc_feat_five, hangedman_decor_peaks_small,
          uniq_jessica
D:3:      layout_rooms, elyvilon_altar_3, gup_sewer_entry_bubbles,
          solitary_fountain, nicolae_shop_vocational
D:4:      layout_loops_ring, mainiacjoe_overflow_alcove_4,
          minmay_temple_entry_poolview, uniq_sigmund, uniq_eustachio
D:5:      layout_loops_cross, uniq_crazy_yiuf_cottage
D:6:      layout_basic, minmay_quadrilaterals

Skill      XL: |  1  2  3  4  5  6  7  8 |
---------------+-------------------------+-----
Conjurations   | 2 3 4 5 6 |  6.1
Spellcasting   | 4 5 6 7 |  7.9
Fire Magic     | 4 5 6 |  6.9
Earth Magic    | 2 3 4 5 |  5.4
Dodging        | |  2.4
Stealth        | |  2.4

Action                   |  1- 3 |  4- 6 |  7- 9 || total
-------------------------+-------+-------+-------++-------
Melee: Staff             |       |       |     4 ||     4
 Cast: Foxfire           |   132 |    69 |    79 ||   280
       Scorch            |       |    27 |    41 ||    68
       Conjure Flame     |       |       |     2 ||     2
       Sandblast         |       |       |     5 ||     5
       Stone Arrow       |       |       |     4 ||     4
  Use: Scroll            |       |     6 |     1 ||     7
       Potion            |       |     3 |     1 ||     4
Armor: Robe              |     7 |     6 |     8 ||    21
       Skin              |       |    10 |       ||    10
Dodge: Dodged            |    11 |    18 |    49 ||    78
